 Dungeon Crawl Stone Soup version 0.28-a0-519-gbfeecf2fc5 (webtiles) character file.

Game seed: 5459428706025054547

82 spiderkeys the Skirmisher (level 4, -2/29 (31) HPs)
             Began as an Octopode Abyssal Knight on Sept 24, 2021.
             Was a Follower of Lugonu.
             Slain by a gnoll (9 damage)
             ... on level 2 of the Dungeon.
             The game lasted 00:02:52 (1432 turns).

spiderkeys the Skirmisher (Octopode Abyssal Knight) Turns: 1432, Time: 00:02:53

HP:   -2/29 (31)    AC:  1    Str: 13    XL:     4   Next: 43%
MP:   5/6           EV: 13    Int: 12    God:    Lugonu [*.....]
Gold: 104           SH:  0    Dex: 12    Spells: 3/3 levels left

rFire   . . .      SeeInvis +   a - +4 spear
rCold   . . .      Faith    .   (no shield)
rNeg    . . .      Spirit   .   (helmet restricted)
rPois   +          Reflect  .   (no amulet)
rElec   .          Harm     .   d - ring of willpower
rCorr   .          Rampage  .   v - ring of see invisible
Will    +....                   P - ring of poison resistance
Stlth   +++.......              (no ring)
HPRegen 0.09/turn               (no ring)
MPRegen 0.10/turn               (no ring)
                                (no ring)
                                (no ring)

@: drained
A: almost no armour, amphibious, 8 rings, camouflage 1, gelatinous body 1,
(nimble swimmer 1), tentacles
a: Renounce Religion, Depart the Abyss


You were on level 2 of the Dungeon.
You worshipped Lugonu.
Lugonu was aware of your devotion.
You visited 1 branch of the dungeon, and saw 2 of its levels.
You visited the Abyss 1 time.

You collected 104 gold pieces.


Innate Abilities, Weirdness & Mutations

You cannot wear most types of armour.
You are amphibious.
You can wear up to eight rings at the same time.
Your skin changes colour to match your surroundings (Stealth+).
Your rubbery body absorbs attacks. (AC +1, EV +1)
((You are camouflaged near water. (Stealth+)))
You have tentacles for arms and can constrict up to eight enemies at once.


   Skills:
 + Level 3.4 Fighting
 + Level 2.6 Polearms
 + Level 3.0 Dodging
 + Level 2.3 Stealth
 + Level 2.7 Invocations


You had 3 spell levels left.
You didn't know any spells.
Your spell library was empty.

Inventory:

Hand Weapons
 a - a +4 spear (weapon)
Missiles
 b - 45 stones
 g - 34 arrows
 h - 26 bolts
 l - 5 javelins
Magical Staves
 j - a staff of earth {!a}
   (You found it on level 1 of the Dungeon)
Jewellery
 d - a ring of willpower (left tentacle)
   (You found it on level 1 of the Abyss)
 v - a ring of see invisible (right tentacle)
   (You found it on level 1 of the Abyss)
 P - a ring of poison resistance (on tentacle)
   (You took it off a hobgoblin on level 1 of the Dungeon)
Potions
 c - a potion of ambrosia {unknown}
 e - 2 potions of brilliance {unknown}
 f - a potion of curing {unknown}
 i - a potion of invisibility {unknown}
 k - a potion of might {unknown}

Dungeon Overview and Level Annotations

Branches:
Dungeon (2/15)

Altars:
Xom

Annotations:
D:2 Sigmund

### ...#### g...# ).
####### #######...... .
#.....# #.....g....). #
#.....###)#...g....... #
#..#...@g.#.#####.##.###
#.†...#####.# ##.#..
#.....# #.# #.#.#
###.### #.# #.##.#.# #.#
#.# #.##.#.# #.#######.#
#.#....# #.......#
#.#..... #######.#
#.#.#### #.# ###.#.#


You could see a gnoll.


Message History

😕 HP[-1]
You take 1 damage, and now have 25/26 hp.
You puncture the ball python!
You kill the ball python!
Lugonu accepts your kill. 😎 HP[+1]
Your hp is fully restored (26).
No target in view!
An orc comes into view. It is wielding a +0 club.
An orc is nearby!
An orc is nearby!
You reach to attack!
The helpless orc fails to defend itself.
You hit the orc. You barely miss the orc. Your grab misses the orc.
The orc hits you with a +0 club. 😕 HP[-3]
You take 3 damage, and now have 23/26 hp.
You hit the orc.
You kill the orc!
Lugonu accepts your kill.
No target in view!
No target in view!
Things that are here:
a +0 club; a +0 leather armour; 😎 HP[+3]
Your hp is fully restored (26).
A gnoll comes into view. It is wielding a +0 club.
A gnoll is nearby!
A gnoll comes into view. It is wielding a +0 flail.
A bat comes into view.
A gnoll comes into view. It is wielding a +0 flail of draining.
The gnoll shouts!
You hear a shout!
You hear an angry hiss.
A ball python comes into view.
A gnoll comes into view. It is wielding a +0 whip.
The gnoll shouts!
The bat misses you. The bat barely misses you.
You barely miss the gnoll. Your grab misses the gnoll. You squeeze the gnoll.
The bat closely misses you. The bat barely misses you.
The gnoll hits you with a +0 club. 😕 HP[-5]
You take 5 damage, and now have 21/26 hp.
The bat closely misses you.
Things that are here:
a +0 club; a +0 leather armour 😕 HP[+1]
You hit the gnoll but do no damage. You grab the gnoll. You squeeze the gnoll.
You constrict the gnoll, but do no damage.
The gnoll misses you.
You hit the gnoll.
You kill the gnoll!
Lugonu accepts your kill. The bat barely misses you. x2
Your Stealth skill increases to level 2!
You have reached level 4! 😕 HP[+4] MP[+1]
You now have 31 max hp (+5).
You regained 4 hp, and now have 26/31 hp.
Your mp is fully restored (5).
You hit the bat.
You kill the bat!
Lugonu accepts your kill.
You closely miss the gnoll. Your grab misses the gnoll. You squeeze the gnoll!
The gnoll hits you with a +0 whip. 😮 HP[-4]
You take 4 damage, and now have 22/31 hp.
You are too injured to fight recklessly!
You are too injured to fight recklessly!
You are too injured to fight recklessly!
You are too injured to fight recklessly!
You are too injured to fight recklessly!
You closely miss the gnoll. You grab the gnoll. Your squeeze misses the gnoll.
You constrict the gnoll. The gnoll barely misses you.
You hit the gnoll but do no damage. You constrict the gnoll.
The gnoll closely misses you.
You hit the gnoll. You constrict the gnoll.
You kill the gnoll!
Lugonu accepts your kill. 😮 HP[+1]
You hit the gnoll. Your grab misses the gnoll. You squeeze the gnoll.
The gnoll closely misses you.
You puncture the gnoll!
You kill the gnoll!
Lugonu accepts your kill.
Your Dodging skill increases to level 3!
You puncture the ball python!
You kill the ball python!
Lugonu accepts your kill.
You barely miss the gnoll. You grab the gnoll. You constrict the gnoll.
The gnoll hits you with a +0 flail of draining!
* * * LOW HITPOINT WARNING * * *
You feel drained.
* * * LOW HITPOINT WARNING * * *
😱 HP[-16]
You now have 29 max hp (-2).
You take 16 damage, and now have 7/29 hp.
MASSIVE DAMAGE!! (PAUSE)
You hit the gnoll. You squeeze the gnoll. You constrict the gnoll.
The gnoll hits you with a +0 flail of draining!
You die...

Skill      XL: |  1  2  3  4 |
---------------+-------------+-----
Stealth        | 1 2 |  2.3
Dodging        | 3 |  3.0
Fighting       | |  3.4
Polearms       | |  2.6
Invocations    | |  2.7

Action                   |  1- 3 |  4- 6 || total
-------------------------+-------+-------++-------
Melee: Spear             |    67 |    10 ||    77
       Constrict         |    10 |     2 ||    12
       Tentacles         |     7 |     3 ||    10
Invok: Depart the Abyss  |     1 |       ||     1
  Use: Scroll            |     6 |       ||     6
 Stab: Sleeping          |    10 |       ||    10
       Distracted        |     1 |       ||     1
Armor: Skin              |     3 |       ||     3
Dodge: Dodged            |    28 |     3 ||    31

Levels and vault maps discovered:
D:1:      beargit_arrival_greenhouse, layout_rooms, minmay_hexomino_r4
D:2:      layout_loops_ring, chequers_ecumenical_altar_simple, basic_altar,
          uniq_sigmund

Notes
Turn   | Place    | Note
-------+----------+-------------------------------------------
     0 | Abyss:1  | spiderkeys the Octopode Abyssal Knight began the quest for
                  | the Orb.
     0 | Abyss:1  | Reached XP level 1. HP: 16/16 MP: 2/2
     0 | Abyss:1  | magus.rc [v1.9.10]
    65 | Abyss:1  | Found a corrupted altar of Lugonu.
   108 | Abyss:1  | Noticed a hellwing
   112 | Abyss:1  | Noticed a small abomination
   113 | Abyss:1  | Noticed a large abomination
   123 | Abyss:1  | Noticed an orange demon
   152 | Abyss:1  | Noticed a small abomination
   184 | Abyss:1  | Noticed a wraith
   185 | Abyss:1  | Noticed a worldbinder
   197 | D:1      | You pass through the gate.
   197 | D:1      | Escaped the Abyss
   607 | D:1      | Reached XP level 2. HP: 20/21 MP: 3/3
   614 | D:1      | Reached skill level 1 in Stealth
   614 | D:1      | Reached * piety under Lugonu
   892 | D:1      | Found a shimmering altar of Xom.
   917 | D:1      | Reached XP level 3. HP: 26/26 MP: 4/4
  1145 | D:2      | Noticed Sigmund
  1312 | D:2      | Found a faded altar of an unknown god.
  1423 | D:2      | Reached skill level 2 in Stealth
  1423 | D:2      | Reached XP level 4. HP: 26/31 MP: 5/5
  1430 | D:2      | Reached skill level 3 in Dodging
  1431 | D:2      | HP: 7/29 [gnoll (4)]
  1432 | D:2      | Slain by a gnoll

Vanquished Creatures
  An adder (D:2)
  3 gnolls (D:2)
  A dart slug (D:1)
  An orc (D:2)
  2 bats
  3 endoplasms
  3 giant cockroaches
  4 hobgoblins (D:1)
  3 jackals (D:1)
  3 quokkas
  5 ball pythons
  A frilled lizard (D:1)
  5 goblins
  A kobold (D:1)
  A rat (D:1)
37 creatures vanquished.

Table legend:
 A = Non-vault XP
 B = Vault XP
 C = Vault XP percentage of total XP
 D = Non-vault monster count
 E = Vault monster count
 F = Vault count percentage of total count
                 A         B        C        D         E       F
            +---------+---------+-------+---------+---------+-------
      Total |     112 |       6 |   5.1 |      34 |       3 |   8.1
            +---------+---------+-------+---------+---------+-------
        D:1 |      34 |       6 |  15.0 |      20 |       3 |  13.0
        D:2 |      78 |       0 |   0.0 |      14 |       0 |   0.0
            +---------+---------+-------+---------+---------+-------

Illustrated notes

Table legend:
 A = Kills in this place as a percentage of kills in entire the game.
 B = Kills by you in this place as a percentage of kills by you in the entire game.
 C = Kills by friends in this place as a percentage of kills by friends in the entire game.
 D = Other kills in this place as a percentage of other kills in the entire game.
 E = Experience gained in this place as a percentage of experience gained in the entire game.
 F = Experience gained in this place divided by the number of levels of this place that you have seen.
                   A       B       C       D       E      F
               +-------+-------+-------+-------+-------+----------------------
         Total | 100.0 | 100.0 |   N/A |   N/A | 100.0 |  39.3
       Dungeon | 100.0 | 100.0 |   N/A |   N/A | 100.0 |  59.0
               +-------+-------+-------+-------+-------+----------------------

Table legend: (Time is in decaauts)
 A = Elapsed time spent in this place.
 B = Non-inter-level travel time spent in this place.
 C = Inter-level travel time spent in this place.
 D = Time resting spent in this place.
 E = Time spent auto-exploring this place.
 F = Levels seen in this place.
 G = Mean time per level.
                   A        B        C        D        E       F      G
               +--------+--------+--------+--------+--------+-----+--------+
         Total |   1428 |   1409 |     19 |      0 |   1024 |   3 |  476.0 |
       Dungeon |   1232 |   1213 |     19 |      0 |    955 |   2 |  616.0 |
         Abyss |    196 |    196 |      0 |      0 |     69 |   1 |  196.0 |
               +--------+--------+--------+--------+--------+-----+--------+

Top non-repeatable levels by time:
     D:1: 886 daAuts
     D:2: 345 daAuts
 Abyss:1: 196 daAuts
